 Dungeon Crawl Stone Soup version 0.31-a0-1019-g3dd9dd1025 (webtiles) character file.

Game seed: 13959204471713312565

165 M4edhros the Insei (level 5, -2/4 HPs)
             Began as an Octopode Artificer on Nov 17, 2023.
             Slain by a hound (6 damage)
             ... on level 5 of the Dungeon.
             The game lasted 00:03:40 (633 turns).

M4edhros the Insei (Octopode Artificer)              Turns: 633, Time: 00:03:41

Health: -2/4       AC:  1    Str: 11    XL:     5   Next: 46%
Magic:  5/5        EV: 11    Int: 13    God:
Gold:   97         SH:  8    Dex: 15    Spells: 4/4 levels left

rFire   . .          .
                       - Unarmed
rCold   . . .        f - +0 kite shield
rNeg    . . .        (helmet restricted)
rPois   .            (no amulet)
rElec   .            (no ring)
rCorr   .            (no ring)
SInv    .            (no ring)
Will    .....        (no ring)
Stlth   +++          (no ring)
HPRegen 0.20/turn    (no ring)
MPRegen 0.09/turn    (no ring)
                     (no ring)

%: no passive effects
@: maw-form
A: devouring maw, reduced hp, almost no armour, amphibious, 8 rings, camouflage
1, gelatinous body 1, (nimble swimmer 1), tentacles
a: Begin Untransformation


You were on level 5 of the Dungeon.
You were a creature with a mouth for a stomach.
You visited 1 branch of the dungeon, and saw 6 of its levels.

You collected 97 gold pieces.

Inventory:

Armour
 f - a +0 kite shield (worn)
Talismans
 l - a maw talisman (active)
Wands
 b - a wand of flame (10) (quivered)
 c - a wand of charming (14)
 d - a wand of iceblast (4)
Scrolls
 a - 3 scrolls of identify {unknown}
 e - a scroll of blinking {unknown}
 g - a scroll of poison {unknown}
 h - 2 scrolls of teleportation {unknown}
 i - a scroll of torment {unknown}
 k - a scroll of enchant armour {unknown}
Potions
 j - a potion of magic {unknown}
 m - a potion of cancellation {unknown}
 n - a potion of heal wounds {unknown}
 o - a potion of curing {unknown}


   Skills:
 + Level 1.5 Fighting
 + Level 2.6 Dodging
 - Level 1.3 Stealth
 + Level 0.9 Shields
 * Level 4.0 Unarmed Combat
 - Level 3.2 Evocations
 * Level 1.2 Shapeshifting


You had 4 spell levels left.
You didn't know any spells.
Your spell library was empty.

Dungeon Overview and Level Annotations

Branches:
Dungeon (6/15)
 Temple: D:4-7

Altars:

Shops:
D:1 (

Annotations:
D:5 Edmund
D:6 Pikel


Innate Abilities, Weirdness & Mutations

You are a creature with a mouth for a stomach.
Your midsection houses a second, enormous mouth.
Your maximum health is decreased, since you lack skill for your form.
You cannot wear most types of armour.
You are amphibious.
You can wear up to eight rings at the same time.
Your skin changes colour to match your surroundings (Stealth+).
Your rubbery body absorbs attacks. (AC +1, EV +1)
((You are camouflaged when in or above water. (Stealth+)))
You have tentacles for arms and can constrict up to eight enemies at once.


Message History

You feel agile.
Attack: -) Tentacles
Press: ? - help, Dir - move target, f - you
Okay, then.
You begin transforming.
You continue transforming. x3
You turn into a creature with a mouth for a stomach.
HP restored.
Found a stone staircase leading down.
There is a stone staircase leading down here.
You climb downwards.
Found a short silver wand.
There is a stone staircase leading up here.
You climb upwards.
There is a stone staircase leading down here.
Edmund the Younger comes into view.
He is wielding a +1 heavy flail.
Found 8 gold pieces.
Okay, then.
Found a ruby potion.
o - a ruby potion
There are no items here.
You open the door.
There is an open door here.
You now have 97 gold pieces (gained 8).
A scorpion comes into view.
A hound comes into view.
The hound barks!
You barely miss the hound. Your grab misses the hound. You squeeze the hound.
Your bite misses the hound.
The hound is lightly wounded.
The hound bites you but does no damage. You block the hound's attack.
You tentacle-slap the hound but do no damage.
Your grab misses the hound. Your squeeze misses the hound. You bite the hound.
The hound is lightly wounded.
You block the hound's attack. The hound bites you but does no damage.
You tentacle-slap the hound but do no damage.
You grab the hound. You bite the hound, but do no damage.
The hound is lightly wounded.
You constrict the hound. You block the hound's attack. The hound bites you.
Ouch! That really hurt!
You die...

.......#.........
.......#.....###
.......+.....#
###
.......#.....#
...
.......#.....# ..
.....s.#.....# .#
.......#.....##.#
#...###....# #...
###W## #...
#.h....... #..
#...###### #.#.#
#. .# #. .. .. ##
##


You could see a hound.

Vanquished Creatures
  A phantom (D:5)
  An orc priest (D:3)
  A hound (D:5)
  A shadow imp (D:3)
  6 orcs
  2 endoplasms
  A goblin (D:4)
  3 hobgoblins
  2 kobolds
  3 quokkas
  2 bats
  A frilled lizard (D:2)
  2 rats
26 creatures vanquished.

Vanquished Creatures (collateral kills)
  A goblin (D:3)
  2 hobgoblins (D:3)
  A rat (D:3)
4 creatures vanquished.

Grand Total: 30 creatures vanquished

Notes
Turn   | Place    | Note
-------+----------+-------------------------------------------
     0 | D:1      | M4edhros the Octopode Artificer began the quest for the
                  | Orb.
     0 | D:1      | Reached XP level 1. HP: 13/13 MP: 1/1
    11 | D:1      | Found Sait's Antique Weapon Emporium.
    58 | D:1      | Reached skill level 1 in Unarmed Combat
   259 | D:2      | Reached XP level 2. HP: 18/18 MP: 2/2
   325 | D:3      | Reached skill level 2 in Unarmed Combat
   343 | D:3      | Reached skill level 3 in Unarmed Combat
   343 | D:3      | Reached XP level 3. HP: 19/23 MP: 3/3
   422 | D:4      | Reached XP level 4. HP: 28/28 MP: 4/4
   480 | D:5      | Entered Level 5 of the Dungeon
   543 | D:5      | Noticed a phantom
   547 | D:5      | Killed a phantom
   548 | D:5      | Reached skill level 4 in Unarmed Combat
   548 | D:5      | Reached skill level 1 in Shapeshifting
   548 | D:5      | Reached XP level 5. HP: 30/33 MP: 5/5
   570 | D:6      | Noticed Pikel
   570 | D:6      | Noticed a lemure
   570 | D:6      | Noticed a lemure
   570 | D:6      | Noticed a lemure
   570 | D:6      | Noticed a lemure
   580 | D:5      | Noticed Edmund
   633 | D:5      | Slain by a hound

Illustrated notes

Levels and vault maps discovered:
D:1:      minmay_arrival_open_corners, layout_loops_cross, serial_forest,
          infiniplex_forest_clump_small, infiniplex_forest_straight_2,
          infiniplex_forest_lined_2, infiniplex_forest_clump_double,
          infiniplex_forest_corner_1, infiniplex_forest_end_double,
          infiniplex_forest_clump_C, serial_shops, nicolae_shop_waterfront,
          dreamdust_ecumenical_altar_sealed_demon, item_on_display_a
D:2:      layout_basic, hangedman_decor_points
D:3:      layout_basic, cheibrodos_ashenzari_chains
D:4:      layout_layer_cave
D:5:      layout_basic, mainiacjoe_overflow_tiny_flanked,
          serial_library_hellmonk_small_corner, uniq_edmund
D:6:      cheibrodos_barr_body, layout_basic, serial_glass, glass_columns_b,
          glass_columns_b, minmay_strange_pillars, minmay_strange_pillars,
          item_on_display_a, minivault_26, uniq_crazy_yiuf_cottage, uniq_pikel

Skill      XL: |  1  2  3  4 |
---------------+-------------+-----
Unarmed Combat | 1 3 4 |  4.0
Shapeshifting  | 1 |  1.2
Fighting       | |  1.5
Dodging        | |  2.6
Stealth        | |  1.3
Shields        | |  0.9
Evocations     | |  3.2

Action                     |  1- 3 |  4- 6 || total
---------------------------+-------+-------++-------
  Melee: Unarmed           |    49 |    24 ||    73
         Constrict         |    11 |     7 ||    18
         Tentacles         |     9 |     3 ||    12
         Punch             |       |     1 ||     1
         Maw               |       |     2 ||     2
  Evoke: Wand              |     3 |     4 ||     7
   Stab: Sleeping          |     6 |       ||     6
 Armour: Skin              |    12 |    13 ||    25
  Dodge: Dodged            |    33 |    11 ||    44
  Block: Kite shield       |       |     5 ||     5
   Form: Maw               |       |     1 ||     1

Table legend: (Time is in decaauts)
 A = Elapsed time spent in this place.
 B = Non-inter-level travel time spent in this place.
 C = Inter-level travel time spent in this place.
 D = Time resting spent in this place.
 E = Time spent auto-exploring this place.
 F = Levels seen in this place.
 G = Mean time per level.
                   A        B        C        D        E       F      G
               +--------+--------+--------+--------+--------+-----+--------+
         Total |    630 |    614 |     16 |      0 |      0 |   6 |  105.0 |
       Dungeon |    630 |    614 |     16 |      0 |      0 |   6 |  105.0 |
               +--------+--------+--------+--------+--------+-----+--------+

Top non-repeatable levels by time:
     D:2: 226 daAuts
     D:5: 153 daAuts
     D:1: 88 daAuts
     D:4: 83 daAuts
     D:3: 77 daAuts
     D:6: 1 daAuts
